 Dungeon Crawl Stone Soup version 0.21.0-3-g78d12a8 (webtiles) character file.

2166 komo4ek the Fighter (level 9, -6/145 HPs)
             Began as an Ogre Berserker on Jan 9, 2018.
             Was a Believer of Trog.
             Mangled by a yak (12 damage)
             ... on level 8 of the Dungeon.
             The game lasted 00:21:25 (9022 turns).

komo4ek the Fighter (Ogre Berserker)                Turns: 9022, Time: 00:21:25

Health: -6/145     AC:  3    Str: 29 (31) XL:     9   Next: 32%
Magic:  9/9        EV: 11    Int:  7 (8)  God:    Trog [**....]
Gold:   528        SH:  0    Dex: 10 (13) Spells: 8/8 levels left

rFire    + . .     SeeInvis .   r - +0 giant club
rCold    + . .     Gourm    .   (shield currently unavailable)
rNeg     . . .     Faith    +   b - +0 animal skin
rPois    .         Spirit   .   (helmet restricted)
rElec    .         Reflect  .   E - scarf {rC+ rF+}
rCorr    .         Harm     .   (gloves unavailable)
MR       +....                  (boots unavailable)
Stlth    ..........             f - amulet of faith
HPRegen  0.34/turn              d - +5 ring of dexterity
MPRegen  0.11/turn              k - ring of protection from magic

@: berserking, very quick
A: large, unfitting armour, tough skin 1
a: Berserk, Trog's Hand, Burn Spellbooks, Renounce Religion


You were on level 8 of the Dungeon.
You worshipped Trog.
Trog was pleased with you.
You were not hungry.

You visited 1 branch of the dungeon, and saw 9 of its levels.

You collected 528 gold pieces.

Inventory:

Hand Weapons
 a - a +0 mace
 r - a +0 giant club (weapon)
 w - the +5 rapier "Gyllapp" {pain, rPois rC+ rN++ MR+ Str-3}
   (You found it on level 6 of the Dungeon)

   In the hands of one skilled in necromantic magic, it inflicts extra damage on
   living creatures.
   It affects your strength (-3).
   It protects you from cold.
   It protects you from poison.
   It greatly protects you from negative energy.
   It affects your resistance to hostile enchantments.
 z - a +0 trident of protection
Armour
 b - a +0 animal skin (worn)
 E - a scarf of resistance (worn)
Jewellery
 d - a +5 ring of dexterity (left hand)
 f - an amulet of faith (around neck)
 h - a cursed amulet of inaccuracy {unknown}
 k - a ring of protection from magic (right hand)
Wands
 n - a wand of polymorph (12)
 p - a wand of random effects (28)
 D - a wand of digging (11)
Scrolls
 c - a scroll of fog {unknown}
 e - 6 scrolls of remove curse
 g - 2 scrolls of blinking {unknown}
 i - 3 scrolls of enchant armour {unknown}
 m - 8 scrolls of identify {unknown}
 v - 3 scrolls of magic mapping {unknown}
 x - a scroll of noise {unknown}
 y - 2 scrolls of teleportation {unknown}
 B - a scroll of acquirement {unknown}
Potions
 j - a potion of ambrosia {unknown}
 l - 2 potions of resistance {unknown}
 o - 2 potions of cancellation {unknown}
 q - 2 potions of flight {unknown}
 s - 2 potions of curing
Books
 t - a book of Minor Magic

   Spells                             Type                      Level
   a - Magic Dart                     Conjuration                  1
   b - Blink                          Translocation                2
   c - Call Imp                       Summoning                    2
   d - Slow                           Hexes                        2
   e - Conjure Flame                  Conjuration/Fire             3
   f - Mephitic Cloud                 Conjuration/Poison/Air       3
   Trog disapproves of the use of such an item.
Comestibles
 u - a ration


   Skills:
 + Level 8.8 Fighting
 - Level 2.0 Short Blades
 * Level 7.6 Maces & Flails
 + Level 3.6 Armour
 + Level 5.0 Dodging


You had 8 spell levels left.
You didn't know any spells.

Dungeon Overview and Level Annotations

Branches:
Dungeon (9/15)             Temple (0/1) D:6
   Lair: D:8-11         Orc: D:9-12

Altars:
Ashenzari
Fedhas
Nemelex Xobeh
Sif Muna

Shops:
D:8 (

Annotations:
D:9 jazmu's ghost, novice OpAK


Innate Abilities, Weirdness & Mutations

You are too large for most types of armour.
You have tough skin. (AC +1)


Message History

The orc barely misses you.
It was a potion of berserk rage.
A red film seems to cover your vision as you go berserk!
You feel yourself moving faster!
You feel mighty! The yak closely misses you. The yak gores you!
* * * LOW HITPOINT WARNING * * *
The orc hits you with a club!
* * * LOW HITPOINT WARNING * * *
You don't know any spells.
You are too berserk!
You are too injured to fight recklessly!
You hit the yak.
The yak is lightly wounded.
The yak gores you.
* * * LOW HITPOINT WARNING * * *
The yak barely misses you.
You sock the yak!
The yak is moderately wounded.
The orc barely misses you. The yak gores you!
You die...

## .# .# .# ######## ## .#
############[@Y...# ##. .#
#...........o†Y.#.##########.#
.#
#.##########.##.#...........##
.# #.#
#######.##.############.#
.###.####.......##.# ##.
.##.......########.# #.
.##..###### #.# #. .....#
##.#############. ###.##
##⌠.⌠..........>..


You could see 2 yaks and an orc.

Vanquished Creatures
  2 yaks (D:8)
  A sky beast (D:7)
  A phantom (D:8)
  A black bear (D:7)
  An ogre (D:4)
  3 centaurs
  A big kobold (D:8)
  2 bullfrogs
  A scorpion (D:4)
  A howler monkey (D:5)
  A bullfrog zombie (D:5)
  2 crimson imps
  A centaur zombie (D:5)
  A quasit (D:7)
  A bullfrog skeleton (D:6)
  2 hounds
  Crazy Yiuf (D:2)
  Jessica (D:2)
  5 iguanas
  6 orc wizards
  Natasha (D:2)
  5 worker ants
  Terence (D:2)
  A hound skeleton (D:6)
  A worker ant zombie (D:8)
  A howler monkey skeleton (D:8)
  9 adders
  2 shadow imps
  An ooze (D:3)
  An adder zombie (D:7)
  An adder skeleton (D:8)
  2 worms
  3 leopard geckos
  13 orcs
  9 bats
  2 giant cockroaches
  5 hobgoblins
  12 jackals
  2 quokkas (D:3)
  A ball python (D:7)
  A frilled lizard (D:3)
  6 goblins
  A goblin zombie (D:4)
  A jackal skeleton (D:8)
  6 kobolds
  A quokka skeleton (D:7)
  A quokka zombie (D:4)
  5 rats
130 creatures vanquished.

Notes
Turn   | Place    | Note
-------+----------+-------------------------------------------
     0 | D:1      | komo4ek the Ogre Berserker began the quest for the Orb.
     0 | D:1      | Reached XP level 1. HP: 24/24 MP: 1/1
   916 | D:2      | Reached XP level 2. HP: 23/32 MP: 2/2
  1021 | D:2      | Found a runed door.
  1048 | D:2      | Noticed Natasha
  1049 | D:2      | Noticed a crimson imp
  1054 | D:2      | Noticed a crimson imp
  1056 | D:2      | Killed Natasha
  1056 | D:2      | Reached XP level 3. HP: 26/40 MP: 3/3
  1125 | D:2      | Noticed Jessica
  1139 | D:2      | Killed Jessica
  1200 | D:2      | Reached XP level 4. HP: 45/49 MP: 4/4
  1390 | D:2      | Reached skill level 5 in Fighting
  1654 | D:2      | Noticed Terence
  1665 | D:2      | Killed Terence
  1678 | D:2      | Reached XP level 5. HP: 51/57 MP: 5/5
  1736 | D:2      | Reached ** piety under Trog
  2018 | D:2      | Noticed Crazy Yiuf
  2021 | D:2      | Killed Crazy Yiuf
  2780 | D:3      | Reached skill level 5 in Maces & Flails
  3089 | D:4      | Noticed an ogre
  3098 | D:4      | Killed an ogre
  3098 | D:4      | Reached skill level 6 in Fighting
  3098 | D:4      | Reached XP level 6. HP: 67/67 MP: 6/6
  3365 | D:4      | Reached XP level 7. HP: 74/76 MP: 7/7
  3421 | D:4      | Found a sand-covered staircase.
  4428 | D:5      | Entered Level 5 of the Dungeon
  4714 | D:5      | Reached skill level 1 in Armour
  5510 | D:6      | Found a staircase to the Ecumenical Temple.
  5537 | D:6      | Reached skill level 7 in Fighting
  5694 | D:6      | Got a polished rapier
  5731 | D:6      | Identified the +5 rapier "Gyllapp" {pain, rPois rC+ rN++ MR+ Str-3} (You found it on level 6 of the Dungeon)
  5833 | D:6      | Reached XP level 8. HP: 44/87 MP: 8/8
  5987 | D:6      | Found a blossoming altar of Fedhas.
  6152 | D:7      | Reached skill level 1 in Short Blades
  6883 | D:7      | HP: 3/88 [something (2)]
  6899 | D:7      | HP: 2/88 [orc wizard/dagger (4)]
  7563 | D:7      | Reached skill level 8 in Fighting
  7963 | D:8      | Found Deffeqacve's Antique Weapon Shoppe.
  7968 | D:8      | Found a sparkling altar of Nemelex Xobeh.
  8065 | D:8      | Found a shattered altar of Ashenzari.
  8065 | D:8      | Found a deep blue altar of Sif Muna.
  8144 | D:8      | Reached XP level 9. HP: 92/97 MP: 9/9
  8889 | D:8      | Reached skill level 5 in Dodging
  9017 | D:9      | Noticed jazmu's ghost (novice OpAK)
  9021 | D:8      | HP: 5/145 [yak (4)]
  9022 | D:8      | Mangled by a yak

Skill      XL: |  1  2  3  4  5  6  7  8  9 |
---------------+----------------------------+-----
Maces & Flails | 3 4 5 6 7 |  7.6
Fighting       | 5 6 7 8 |  8.8
Dodging        | 3 4 5 |  5.0
Armour         | 1 3 |  3.6
Short Blades   | 2 |  2.0

Action                   |  1- 3 |  4- 6 |  7- 9 || total
-------------------------+-------+-------+-------++-------
Melee: Mace              |    45 |   159 |       ||   204
       Unarmed           |       |     7 |       ||     7
       Giant club        |       |    18 |   202 ||   220
       Rapier            |       |       |    83 ||    83
Invok: Trog's Hand       |       |     4 |     4 ||     8
       Berserk           |       |     2 |     4 ||     6
  Use: Scroll            |       |       |     1 ||     1
       Potion            |       |       |     8 ||     8
 Stab: Confused          |       |     1 |       ||     1
  Eat: Ration            |     1 |     2 |     7 ||    10
       Chunk             |       |     3 |       ||     3
Armor: Animal skin       |    13 |    71 |    84 ||   168
Dodge: Dodged            |    26 |   133 |   227 ||   386
